 Dungeon Crawl Stone Soup version 0.30-b1-2-g02819fbbbe (webtiles) character file.

Game seed: 16120013003484607255

59 Alarkh the Shooter (level 3, 0/27 HPs)
             Began as a Demonspawn Hexslinger on July 11, 2023.
             Slain by an adder (3 damage)
             ... on level 3 of the Dungeon.
             The game lasted 00:01:58 (1862 turns).

Alarkh the Shooter (Demonspawn Hexslinger)          Turns: 1862, Time: 00:01:58

Health: 0/27       AC:  3    Str:  8 (10) XL:     3   Next: 78%
Magic:  4/4        EV: 12    Int: 14 (16) God:
Gold:   131        SH:  0    Dex: 11 (13) Spells: 4/4 levels left

rFire   . . .        a - +1 sling
rCold   . . .        (no shield)
rNeg    . . .        c - +0 robe
rPois   .            e - +0 helmet
rElec   .            (no cloak)
rCorr   .            (no gloves)
SInv    .            (no boots)
Will    .....        (no amulet)
Stlth   +            (no ring)
HPRegen 0.24/turn    (no ring)
MPRegen 0.09/turn

%: no passive effects
@: no status effects
A: ignite blood 1
a: no special abilities


You were on level 3 of the Dungeon.
You visited 1 branch of the dungeon, and saw 3 of its levels.

You collected 131 gold pieces.

Inventory:

Hand Weapons
 a - a +1 sling (weapon)
Armour
 c - a +0 robe (worn)
 e - a +0 helmet (worn)
Magical Staves
 j - a staff of earth
Jewellery
 o - a ring of positive energy
Scrolls
 b - a scroll of poison
 d - a scroll of vulnerability {unknown}
 f - a scroll of immolation {unknown}
 g - a scroll of amnesia
 h - a scroll of enchant armour {unknown}
 k - a scroll of fog {unknown}
 l - a scroll of identify {unknown}
 m - a scroll of torment {unknown}
 p - a scroll of brand weapon {unknown}
Potions
 i - a potion of flight
 n - a potion of degeneration


   Skills:
 + Level 2.2 Fighting
 * Level 3.2 Ranged Weapons
 - Level 1.7 Dodging
 - Level 1.0 Spellcasting
 - Level 3.0 Hexes


You had 4 spell levels left.
You didn't know any spells.
Your spell library contained the following spells:

 Spells                   Type           Power      Damage    Failure   Level
 Slow                     Hex            36%        N/A       8%          1
 Inner Flame              Hex/Fire       4%         N/A       38%         3
 Portal Projectile        Hex/Tloc       8%         N/A       38%         3
 Cause Fear               Hex            4%         N/A       58%         4


Dungeon Overview and Level Annotations

Branches:
Dungeon (3/15)

Altars:
Ashenzari


Innate Abilities, Weirdness & Mutations

Your demonic aura sometimes causes spilled blood to erupt in flames.


Message History

The bat is severely wounded.
You feel sick. The bat hits you but does no damage.
You shoot a sling bullet. The sling bullet hits the bat.
You kill the bat!
You feel sick.
You shoot a sling bullet. The sling bullet hits the kobold.
You kill the kobold!
You feel sick. The adder bites you.
You shoot a sling bullet.
The sling bullet closely misses the adder.
You feel sick. The adder bites you. x2
You are too injured to fight recklessly!
You shoot a sling bullet.
The sling bullet barely misses the adder.
You feel sick.
You are no longer poisoned.
The adder bites you.
You are poisoned.
The adder poisons you!
Okay, then.
You shoot a sling bullet. The sling bullet misses the adder.
You feel sick.
The adder bites you but does no damage. x2
You shoot a sling bullet.
The sling bullet closely misses the adder.
You feel sick. The adder closely misses you.
You shoot a sling bullet. The sling bullet misses the adder.
You feel sick.
You are no longer poisoned.
The adder barely misses you. x2
You shoot a sling bullet.
The sling bullet barely misses the adder.
The adder bites you but does no damage. The adder bites you.
* * * LOW HITPOINT WARNING * * *
You shoot a sling bullet. The sling bullet misses the adder.
The adder closely misses you.
You shoot a sling bullet.
The sling bullet closely misses the adder.
The adder bites you.
* * * LOW HITPOINT WARNING * * *
The adder bites you.
You die...

##.## #.##### #.# #.#...#
#.# #.♣...# ##†#####.'.8.+
##...#....♣...# #
#......##.#...# ##
#.......##.#####
.####.........#..♣÷♣ .
^...+.........+.@♣♣♣♣♣♣..#
.#............##.S.......#
...8.........#####..##...#
.#....#.....## #.........
###...##...#. ...†.#...#.
.#....# ###.#.#...#
...8..# ). .. ..# .#....#
### ..# .# ###.#.# #.# ..


You could see an adder.

Vanquished Creatures
  2 adders
  A worm (D:3)
  3 ball pythons (D:3)
  2 endoplasms (D:1)
  3 giant cockroaches
  A goblin (D:2)
  5 hobgoblins
  7 kobolds
  2 quokkas
  2 bats
  3 frilled lizards
  5 rats
36 creatures vanquished.

Notes
Turn   | Place    | Note
-------+----------+-------------------------------------------
     0 | D:1      | Alarkh the Demonspawn Hexslinger began the quest for the
                  | Orb.
     0 | D:1      | Reached XP level 1. HP: 15/15 MP: 2/2
   137 | D:1      | Gained mutation: Your demonic aura sometimes causes spilled
                  | blood to erupt in flames. [demonic ancestry]
   137 | D:1      | Reached XP level 2. HP: 21/21 MP: 3/3
  1339 | D:2      | Reached XP level 3. HP: 10/27 MP: 4/4
  1489 | D:3      | Found a broken altar of Ashenzari.
  1582 | D:3      | Noticed a scorpion
  1862 | D:3      | Slain by an adder

Illustrated notes

Levels and vault maps discovered:
D:1:      denvon_arrival_waterhouse, layout_basic
D:2:      layout_loops_ring
D:3:      layout_loops_corners, mainiacjoe_overflow_alcove_1,
          pdpol_wu_jian_five_deadly_venoms, dilly_ecumenical_altar_fadedgnrine,
          minmay_misc_feat_four_crosses, minmay_close_crescents,
          uniq_crazy_yiuf_cottage

Skill      XL: |  1  2  3 |
---------------+----------+-----
Ranged Weapons | 2 3 |  3.2
Fighting       | 2 |  2.2
Dodging        | |  1.7
Spellcasting   | |  1.0
Hexes          | |  3.0

Action                     || total
---------------------------++-------
   Fire: Sling             ||   132
    Use: Potion            ||     2
         Scroll            ||     1
 Armour: Robe              ||    16
  Dodge: Dodged            ||    40
